2027 views
Uploaded 2024-05-23 16:38:57
Game version 1.36 (6115)
8:26 long 1on1 custom game on (2)EchoIsles
Game name "123stg"
Saved by VladStg
2027 views
Uploaded 2024-05-23 16:38:57
Game version 1.36 (6115)
8:26 long 1on1 custom game on (2)EchoIsles
Game name "123stg"

21 units @ 2k
/ 0k
9 buildings @ 0.9k
/ 0.3k

| Lesser Clarity Potion | 2 | 140 |
| Scroll of Regeneration | 2 | 200 |
| total: | 4 | 340g |
| Peasant | 14 | 1050 | / | 0 |
| Footman | 7 | 945 | / | 0 |
| total: | 21 | 1995g | / | 0w |
| Scout Tower | 2 | 60 | / | 40 |
| Arcane Tower | 1 | 70 | / | 50 |
| Altar of Kings | 1 | 180 | / | 50 |
| Farm | 3 | 240 | / | 60 |
| Barracks | 1 | 160 | / | 60 |
| Arcane Vault | 1 | 130 | / | 30 |
| Blacksmith | 1 | 140 | / | 60 |
| Keep | 1 | 320 | / | 210 |
| total: | 9 | 910g | / | 300w |
| 0:03 | Peasant |
| 0:03 | Peasant |
| 0:15 | Altar of Kings |
| 0:24 | Farm |
| 0:31 | Peasant |
| 0:41 | Barracks |
| 0:50 | Peasant |
| 0:58 | Farm |
| 1:05 | Peasant |
| 1:22 | Scout Tower |
| 1:30 | Peasant |
| 1:33 | Peasant |
| 1:42 | Footman |
| 1:50 | Peasant |
| 1:53 | Arcane Tower |
| 2:11 | Footman |
| 2:17 | Summon Water Elemental |
| 2:31 | Footman |
| 3:00 | Footman |
| 3:27 | Arcane Vault |
| 4:11 | Footman |
| 4:13 | Peasant |
| 4:14 | Peasant |
| 4:14 | Footman |
| 4:39 | Farm |
| 4:50 | Brilliance Aura |
| 5:02 | Keep |
| 5:11 | Lesser Clarity Potion |
| 5:12 | Scroll of Regeneration |
| 5:21 | Lesser Clarity Potion |
| 5:46 | Blacksmith |
| 6:09 | Footman |
| 6:11 | Scroll of Regeneration |
| 7:28 | Scout Tower |
| 7:33 | Peasant |
| 7:33 | Peasant |
| 7:34 | Peasant |
| 7:34 | Peasant |
| Right click | 765 |
| Select | 171 |
| Select group | 61 |
| Build/train/purchase | 54 |
| Assign group | 31 |
| Misc. action | 13 |
| Chat | 4 |
| Remove unit | 1 |
12 units @ 1.5k
/ 0k
11 buildings @ 1.8k
/ 0.7k


| Healing Salve | 2 | 200 |
| Lesser Clarity Potion | 1 | 70 |
| total: | 3 | 270g |
| Peon | 7 | 525 | / | 0 |
| Grunt | 5 | 1000 | / | 0 |
| total: | 12 | 1525g | / | 0w |
| Altar of Storms | 1 | 180 | / | 50 |
| Orc Burrow | 4 | 640 | / | 160 |
| Barracks | 1 | 180 | / | 50 |
| Voodoo Lounge | 1 | 130 | / | 30 |
| War Mill | 1 | 205 | / | 0 |
| Beastiary | 3 | 435 | / | 420 |
| Stronghold | 1 | 315 | / | 190 |
| total: | 11 | 1770g | / | 710w |
| 0:01 | Peon |
| 0:01 | Peon |
| 0:05 | Altar of Storms |
| 0:17 | Orc Burrow |
| 0:32 | Barracks |
| 0:32 | Peon |
| 0:41 | Peon |
| 1:11 | Peon |
| 1:22 | Peon |
| 1:26 | Orc Burrow |
| 1:34 | Grunt |
| 1:49 | Voodoo Lounge |
| 1:55 | Peon |
| 2:05 | Feral Spirit |
| 2:19 | Grunt |
| 2:59 | Grunt |
| 3:26 | Stronghold |
| 4:38 | Orc Burrow |
| 5:04 | Healing Salve |
| 5:05 | Lesser Clarity Potion |
| 5:05 | Healing Salve |
| 5:08 | Grunt |
| 6:14 | Berserker Strength |
| 6:14 | Grunt |
| 6:22 | Beastiary |
| 6:23 | Beastiary |
| 6:41 | Beastiary |
| 7:15 | Chain Lighting |
| 7:31 | Orc Burrow |
| 7:34 | War Mill |
| 8:17 | Endurance Aura |
| Right click | 783 |
| Select group | 453 |
| Select | 152 |
| Misc. action | 69 |
| Assign group | 38 |
| Build/train/purchase | 31 |
| Use ability | 8 |